 Dungeon Crawl Stone Soup version 0.31-a0-981-geadf994542 (webtiles) character file.

Game seed: 16172501483011817527

9520 Dirtsage the Martial Artist (level 11, -1/76 (86) HPs)
             Began as an Octopode Shapeshifter on Oct 31, 2023.
             Was a Priest of Wu Jian.
             Slain by a wolf (5 damage)
             ... on level 1 of the Lair of Beasts.
             The game lasted 00:25:54 (11052 turns).

Dirtsage the Martial Artist (OpSh)                 Turns: 11052, Time: 00:25:55

HP:   -1/76 (86)    AC:  8    Str: 21    XL:     11   Next: 47%
MP:   19/20         EV: 14    Int: 13    God:    Wu Jian [***...]
Gold: 652           SH:  0    Dex: 23    Spells: 8/10 levels left

rFire   + .          .
                       - Unarmed
rCold   . . .        x - melded +0 buckler
rNeg    . . .        (helmet currently unavailable)
rPois   .            (no amulet)
rElec   .            r - ring of flight
rCorr   .            p - ring of Emizir {rC+ Str+2 Dex+4 Stlth+}
SInv    .            C - ring "Goammu" {Fire Dex+4}
Will    .....        d - ring of magical power
Stlth   +++++        (no ring)
HPRegen 0.32/turn    (no ring)
MPRegen 0.17/turn    (no ring)
                     (no ring)

%: no passive effects
@: snake-form, wereblooded, flying, heavily drained
A: constrict, boosted hp, almost no armour, amphibious, 8 rings, large,
(camouflage 1), (gelatinous body 1), (nimble swimmer 1), (tentacles)
a: Begin Untransformation, Renounce Religion, Wall Jump, Serpent's Lash


You were on level 1 of the Lair of Beasts.
You worshipped Wu Jian.
Wu Jian was most pleased with you.
You were an enormous anaconda.
You visited 3 branches of the dungeon, and saw 12 of its levels.

You collected 652 gold pieces.

Inventory:

Missiles
 h - a curare-tipped dart
 y - a throwing net
Armour
 w - a +3 kite shield
 x - a +0 buckler (melded)
Jewellery
 d - a ring of magical power (on tentacle)
 p - the ring of Emizir (right tentacle) {rC+ Str+2 Dex+4 Stlth+}
   (You acquired it on level 5 of the Dungeon)

   [ring of protection from cold]

   Str+2:     It affects your strength (+2).
   Dex+4:     It affects your dexterity (+4).
   rC+:       It protects you from cold.
   Stlth+:    It makes you more stealthy.
 r - a ring of flight (left tentacle)
 C - the ring "Goammu" (on tentacle) {Fire Dex+4}
   (You took it off a hobgoblin on level 3 of the Dungeon)

   [ring of fire]

   Fire:      It enhances your fire magic.
   Dex+4:     It affects your dexterity (+4).
   rF+:       It protects you from fire.
   rC-:       It makes you vulnerable to cold.
Talismans
 c - a serpent talisman (active)
 N - a serpent talisman (active)
Wands
 v - a wand of roots (9)
 A - a wand of mindburst (7)
 D - a wand of digging (3)
Scrolls
 e - a scroll of vulnerability {unknown}
 f - 2 scrolls of silence
 g - 2 scrolls of enchant armour
 m - 3 scrolls of poison
 t - 4 scrolls of teleportation
 u - 7 scrolls of amnesia
 B - 2 scrolls of blinking
 E - a scroll of fear {unknown}
 G - a scroll of torment {unknown}
 I - a scroll of immolation {unknown}
 K - a scroll of fog {unknown}
 L - a scroll of noise
Potions
 a - a potion of lignification
 b - a potion of mutation {unknown}
 j - a potion of haste {unknown}
 k - 5 potions of enlightenment
 l - a potion of heal wounds
 n - a potion of brilliance
 q - 7 potions of curing
 s - 3 potions of might {unknown}
 z - 2 potions of degeneration {unknown}
 F - 2 potions of magic {unknown}
 H - 2 potions of cancellation {unknown}
 J - a potion of attraction {unknown}
 M - a potion of berserk rage {unknown}
Miscellaneous
 i - a tin of tremorstones (2/2)


   Skills:
 + Level 6.9 Fighting
 + Level 6.6 Dodging
 + Level 5.8 Stealth
 * Level 10.4 Unarmed Combat
 + Level 3.1 Transmutations
 * Level 9.7 Shapeshifting


You had 8 spell levels left.
You knew the following spells:

 Your Spells              Type           Power      Damage    Failure   Level
a - Wereblood             Tmut           8%         N/A       13%         2

Your spell library contained the following spells:

 Spells                   Type           Power      Damage    Failure   Level
 Sting                    Tmut/Pois      16%        1d3       17%         1
 Passwall                 Tmut/Erth      3%         N/A       26%         2
 Magic Dart               Conj           0%         1d3       30%         1
 Sandblast                Erth           0%         2d4       30%         1
 Summon Small Mammal      Summ           0%         N/A       30%         1
 Blink                    Tloc           0%         N/A       43%         2
 Call Imp                 Summ           0%         N/A       43%         2
 Cigotuvi's Dreadful Rot  Necr/Pois/Air  0%         N/A       43%         2
 Ensorcelled Hibernation  Hex/Ice        0%         N/A       43%         2
 Lesser Beckoning         Tloc           0%         N/A       43%         2
 Momentum Strike          Conj/Tloc      0%         3d8       43%         2
 Poisonous Vapours        Pois/Air       0%         N/A       43%         2
 Scorch                   Fire           0%         2d5       43%         2
 Sublimation of Blood     Necr           0%         N/A       43%         2
 Call Canine Familiar     Summ           0%         N/A       67%         3
 Mephitic Cloud           Conj/Pois/Air  0%         N/A       67%         3
 Stone Arrow              Conj/Erth      0%         3d7       67%         3
 Summon Guardian Golem    Hex/Summ       0%         N/A       67%         3
 Swiftness                Air            0%         N/A       67%         3
 Brom's Barrelling Bould  Conj/Erth      0%         2d3       97%         4
 Cause Fear               Hex            0%         N/A       97%         4
 Dispel Undead            Necr           0%         3d6       97%         4
 Flame Wave               Conj/Fire      0%         2d4       97%         4
 Olgreb's Toxic Radiance  Pois           0%         N/A       97%         4
 Fireball                 Conj/Fire      0%         3d3       100%        5
 Conjure Ball Lightning   Conj/Air       0%         3x3d6     100%        6
 Death Channel            Necr           0%         N/A       100%        6
 Summon Cactus Giant      Summ           0%         N/A       100%        6
 Summon Hydra             Summ           0%         N/A       100%        7
 Discord                  Hex            0%         N/A       100%        8
 Disjunction              Tloc           0%         N/A       100%        8
 Dragon's Call            Summ           0%         N/A       100%        9


Dungeon Overview and Level Annotations

Branches:
Dungeon (10/15)            Temple (1/1) D:5            Lair (1/5) D:9
    Orc (0/2) D:10

Altars:
Ashenzari
Cheibriados
Dithmenos
Elyvilon
Fedhas
Gozag
Hepliaklqana
Makhleb
Nemelex Xobeh
Okawaru
Qazlal
Ru
Sif Muna
Trog
Vehumet
Wu Jian
Xom
Yredelemnul
Zin
The Shining One

Shops:
D:4 (

Annotations:
D:4 2 runed translucent doors
D:5 1 runed translucent door, Crazy Yiuf
Lair:1 exclusion: orange crystal statue


Innate Abilities, Weirdness & Mutations

You are an enormous anaconda.
You have a powerful constriction melee attack.
Your maximum health is increased.
Your armour is entirely melded.
You are incapable of wielding weapons or throwing items.
You cannot wear most types of armour.
You are amphibious.
You can wear up to eight rings at the same time.
((Your skin changes colour to match your surroundings (Stealth+).))
((Your rubbery body absorbs attacks. (AC +1, EV +1)))
((You are camouflaged when in or above water. (Stealth+)))
((You have tentacles for arms and can constrict up to eight enemies at once.))


Message History

You lash the wolf! You grab the wolf.
The wolf is moderately wounded.
You constrict the wolf. The wolf bites you but does no damage.
You hit the wolf.
The wolf is severely wounded.
You constrict the wolf. The wolf bites you!
You take 7 damage, and have 27/76 hp.
You release your grip on the wolf.
You spin and attack the wolf repeatedly.
You barely miss the wolf. x2; You spin and attack the wolf.
You completely miss the wolf. Your grab misses the wolf.
The wolf is almost dead.
The wolf completely misses you. The wolf closely misses you. x2
The wolf bites you!
* * * LOW HITPOINT WARNING * * *
Things that are here:
a wolf corpse; a hell rat corpse You take 8 damage, and have 19/76 hp.
You spin and attack the wolf.
You lash the wolf!
The wolf is severely wounded.
You spin and attack the wolf.
You barely miss the wolf.
The wolf is almost dead.
The wolf misses you. The wolf closely misses you. The wolf bites you!
* * * LOW HITPOINT WARNING * * *
The wolf misses you. The wolf bites you.
* * * LOW HITPOINT WARNING * * *
You take 8 damage, and have 11/76 hp.
You barely miss the wolf. You grab the wolf.
The wolf is almost dead.
You constrict the wolf. The wolf completely misses you. The wolf misses you.
The wolf bites you.
* * * LOW HITPOINT WARNING * * *
You take 1 damage, and have 10/76 hp.
You lash the wolf!
You feel a bit better.
You kill the wolf!
The Council accepts your kill. The wolf barely misses you. The wolf bites you!
* * * LOW HITPOINT WARNING * * *
The wolf bites you.
You die...

.................... .##
..................... #
.....................
........b†.........#
.................##
.................#
.................#### ##
.........†h.........######P
....?.....Sh...............
..)........................
#P#....#####P##########.##.
#...# ### ####. #... #. #..
#. #.. #.#####. .. ........
### #P######


You could see 2 wolves.

Vanquished Creatures
  A manticore (D:10)
  Joseph (D:8)
  2 gargoyles
  A rime drake (Lair:1)
  2 komodo dragons (Lair:1)
  3 trolls
  4 hornets
  A wraith (D:9)
  A wyvern (D:8)
  A vampire (D:10)
  A basilisk (Lair:1)
  9 yaks (D:10)
  2 steam dragons
  Menkaure (D:5)
  A water moccasin (Lair:1)
  Duvessa (D:7)
  3 orc warriors
  2 sky beasts
  3 ice beasts
  3 centaurs
  2 wolves (Lair:1)
  2 kobold brigands
  4 bullfrogs
  A gnoll sergeant (D:9)
  3 scorpions (D:6)
  Dowan (D:7)
  5 wights (D:6)
  5 killer bees (D:6)
  3 howler monkeys
  2 electric eels
  2 hounds
  2 jellies
  6 orc priests
  4 sleepcaps
  3 iguanas
  12 orc wizards
  6 hell rats (Lair:1)
  8 gnolls
  7 adders
  A white imp (D:7)
  A dart slug (D:2)
  27 orcs
  7 endoplasms
  6 giant cockroaches
  6 goblins
  8 hobgoblins
  2 jackals (D:1)
  2 quokkas
  8 ball pythons
  6 bats
  5 frilled lizards
  18 kobolds
  5 rats
223 creatures vanquished.

Notes
Turn   | Place    | Note
-------+----------+-------------------------------------------
     0 | D:1      | Dirtsage the Octopode Shapeshifter began the quest for the
                  | Orb.
     0 | D:1      | Reached XP level 1. HP: 13/13 MP: 1/1
    64 | D:1      | Found a faded altar of an unknown god.
    83 | D:1      | Reached XP level 2. HP: 18/18 MP: 2/2
   969 | D:2      | Reached XP level 3. HP: 23/23 MP: 3/3
  1004 | D:2      | Found a shimmering altar of Xom.
  1205 | D:2      | Reached XP level 4. HP: 29/29 MP: 4/4
  1261 | D:2      | Reached skill level 4 in Unarmed Combat
  1779 | D:3      | Identified the ring "Goammu" {Fire Dex+4}
  1822 | D:3      | Reached XP level 5. HP: 27/34 MP: 5/5
  1930 | D:3      | Identified the +1 scale mail "Xinink" {Regen+ Int+2}
  2437 | D:4      | Found an ornate altar of the Wu Jian Council.
  2446 | D:4      | Became a worshipper of the Wu Jian Council
  2604 | D:4      | Reached XP level 6. HP: 17/41 MP: 6/6
  2758 | D:4      | Found a bloodstained altar of Trog.
  2804 | D:4      | Found a large runed translucent door.
  2805 | D:4      | Found a large runed translucent door.
  2824 | D:4      | Found Itack's Antique Weapon Emporium.
  3155 | D:4      | Noticed a black bear
  3277 | D:5      | Entered Level 5 of the Dungeon
  3329 | D:5      | Identified a scroll of acquirement
  3371 | D:5      | Acquired the ring of Emizir {rC+ Str+2 Dex+4 Stlth+}
  3395 | D:5      | Found a staircase to the Ecumenical Temple.
  3407 | Temple   | Entered the Ecumenical Temple
  3478 | D:5      | Reached skill level 5 in Unarmed Combat
  3598 | D:5      | Noticed Menkaure
  3603 | D:5      | Killed Menkaure
  3604 | D:5      | Reached skill level 5 in Shapeshifting
  3604 | D:5      | Reached XP level 7. HP: 46/46 MP: 7/7
  3750 | D:5      | Found a runed translucent door.
  3751 | D:5      | Noticed Crazy Yiuf
  4723 | D:6      | Reached * piety under Wu Jian
  4836 | D:6      | Reached skill level 6 in Unarmed Combat
  4839 | D:6      | Reached XP level 8. HP: 33/54 MP: 8/8
  5930 | D:6      | Reached skill level 7 in Unarmed Combat
  5984 | D:6      | Reached XP level 9. HP: 48/59 MP: 9/9
  6135 | D:7      | Noticed Dowan
  6163 | D:7      | Noticed Duvessa
  6533 | D:7      | Killed Duvessa
  6533 | D:7      | Reached ** piety under Wu Jian
  6537 | D:7      | Killed Dowan
  6631 | D:7      | Reached skill level 5 in Fighting
  6653 | D:7      | Noticed a hornet
  6685 | D:7      | Killed a hornet
  6686 | D:7      | Reached skill level 8 in Unarmed Combat
  7112 | D:7      | Found a blossoming altar of Fedhas.
  7223 | D:8      | Noticed a hornet
  7227 | D:8      | Killed a hornet
  7228 | D:8      | Reached skill level 5 in Dodging
  7228 | D:8      | Reached skill level 1 in Stealth
  7379 | D:8      | Reached XP level 10. HP: 52/66 MP: 10/10
  7681 | D:8      | Found a burning altar of Makhleb.
  7682 | D:8      | Noticed Joseph
  7688 | D:8      | Killed Joseph
  7689 | D:8      | Reached skill level 9 in Unarmed Combat
  7866 | D:8      | Identified the +2 quarterstaff "Hiuwo" {heavy, Str+4}
  8309 | D:8      | Learned a level 2 spell: Wereblood
  8640 | D:9      | Found a staircase to the Lair.
  8693 | D:9      | Reached skill level 1 in Transmutations
  8923 | D:9      | Reached *** piety under Wu Jian
  9108 | D:9      | Noticed a gargoyle
  9123 | D:9      | Killed a gargoyle
  9348 | D:10     | Entered Level 10 of the Dungeon
  9420 | D:10     | Found a shimmering blue altar of Sif Muna.
  9420 | D:10     | Noticed a gargoyle
  9424 | D:10     | Killed a gargoyle
  9627 | D:10     | Reached XP level 11. HP: 74/74 MP: 11/11
  9638 | D:10     | Reached skill level 5 in Stealth
  9638 | D:10     | Reached skill level 10 in Unarmed Combat
  9709 | D:10     | Found an iron altar of Okawaru.
  9727 | D:10     | Found a staircase to the Orcish Mines.
 10103 | D:10     | Noticed a manticore
 10255 | D:10     | Killed a manticore
 10603 | Lair:1   | Entered Level 1 of the Lair of Beasts
 10873 | Lair:1   | Noticed an orange crystal statue
 11052 | Lair:1   | Slain by a wolf

Illustrated notes

Levels and vault maps discovered:
D:1:      dpeg_arrival_arbitrary_a, layout_basic, shapermc_ecumenical_altar_gd
D:2:      minmay_recursive_quarters, layout_rooms, basic_altar
D:3:      layout_basic
D:4:      layout_loops_ring, nzn_wu_jian_contemplation, kennysheep_mini,
          jmf_multi_god_temple2, serial_shops, shop
D:5:      layout_basic, minmay_temple_entry_sparse_star,
          uniq_crazy_yiuf_cottage, uniq_menkaure
D:6:      wander_river, layout_basic
D:7:      layout_cave_pools, fedhas_altar_4, serial_column_ruins,
          column_ruins_grid_4, column_ruins_grid_1,
          column_ruins_columns_straight, column_ruins_open_small, uniq_duvessa
D:8:      layout_basic, lightli_temple_of_fire, nicolae_twisty_statue_hallways,
          uniq_joseph
D:9:      layout_roguey, dpeg_oklobed_lair, kennysheep_flooded_box
D:10:     layout_basic, okawaru_gym_becter, overflow_temple_1_default,
          orc_0_dummy
Temple:   dpeg_chambers_temple
Lair:1:   layout_long_grid, minmay_holes, chequers_serial_rivers_small_b,
          chequers_serial_rivers_room_b, grunt_forest_stairs_basic,
          disabler_island, lemuel_fruit_fields

Skill      XL: |  1  2  3  4  5  6  7  8  9 10 11 |
---------------+----------------------------------+-----
Unarmed Combat | 4 5 6 7 8 9 10 | 10.4
Fighting       | 2 3 4 5 6 |  6.9
Shapeshifting  | 4 5 6 8 9 |  9.7
Dodging        | 3 4 5 6 |  6.6
Stealth        | 1 4 5 |  5.8
Transmutations | 2 3 |  3.1

Action                     |  1- 3 |  4- 6 |  7- 9 | 10-12 || total
---------------------------+-------+-------+-------+-------++-------
  Melee: Unarmed           |    58 |    98 |   196 |   189 ||   541
         Constrict         |    16 |    25 |    46 |    44 ||   131
         Tentacles         |    14 |    27 |    45 |     9 ||    95
         Punch             |     2 |     3 |    15 |     2 ||    22
  Throw: Throwing net      |       |       |     1 |       ||     1
   Cast: Wereblood         |       |       |       |     4 ||     4
Ability: Lunge             |       |     1 |    19 |    25 ||    45
         Whirlwind         |       |       |       |    12 ||    12
  Evoke: Wand              |       |     4 |     7 |       ||    11
    Use: Scroll            |       |     8 |     3 |     3 ||    14
         Potion            |       |       |     1 |     1 ||     2
   Stab: Sleeping          |     8 |     2 |     8 |    14 ||    32
         Distracted        |       |       |     2 |       ||     2
 Armour: Skin              |    18 |    32 |    75 |    90 ||   215
  Dodge: Dodged            |    40 |    44 |    68 |    91 ||   243
  Block: Buckler           |       |     7 |    22 |     6 ||    35
   Form: Anaconda          |       |       |       |     1 ||     1

Table legend: (Time is in decaauts)
 A = Elapsed time spent in this place.
 B = Non-inter-level travel time spent in this place.
 C = Inter-level travel time spent in this place.
 D = Time resting spent in this place.
 E = Time spent auto-exploring this place.
 F = Levels seen in this place.
 G = Mean time per level.
                   A        B        C        D        E       F      G
               +--------+--------+--------+--------+--------+-----+--------+
         Total |  11006 |  10651 |    355 |   1004 |   8045 |  12 |  917.2 |
       Dungeon |  10453 |  10099 |    354 |    962 |   7624 |  10 | 1045.3 |
        Temple |    108 |    108 |      0 |     42 |     54 |   1 |  108.0 |
          Lair |    445 |    445 |      0 |      0 |    367 |   1 |  445.0 |
               +--------+--------+--------+--------+--------+-----+--------+

Top non-repeatable levels by time:
     D:6: 1702 daAuts
     D:5: 1263 daAuts
    D:10: 1207 daAuts
     D:8: 1176 daAuts
     D:9: 976 daAuts
     D:1: 962 daAuts
     D:4: 935 daAuts
     D:7: 860 daAuts
     D:3: 732 daAuts
     D:2: 635 daAuts
  Lair:1: 445 daAuts
  Temple: 108 daAuts
